 Dungeon Crawl Stone Soup version 0.26-a0-964-g69f9a3b9e2 (webtiles) character file.

Game seed: 6076891842461402703

63 jestyr24 the Slasher (level 3, -4/29 HPs)
             Began as a Minotaur Monk on Dec 2, 2020.
             Was a Believer of Hepliaklqana.
             Killed from afar by Crazy Yiuf (8 damage)
             ... with a puff of flame
             ... on level 2 of the Dungeon.
             The game lasted 00:06:05 (1594 turns).

jestyr24 the Slasher (Minotaur Monk)                Turns: 1594, Time: 00:06:06

Health: -4/29      AC:  3    Str: 16    XL:     3   Next: 89%
Magic:  2/2        EV: 13    Int:  7    God:    Hepliaklqana [**....]
Gold:   66         SH:  0    Dex: 12    Spells: 2/2 levels left

rFire    . . .     SeeInvis .   a - +0 falchion
rCold    . . .     Faith    .   (no shield)
rNeg     . . .     Spirit   .   b - +0 robe
rPois    .         Reflect  .   (helmet restricted)
rElec    .         Harm     .   (no cloak)
rCorr    .         Rampage  .   h - +0 pair of gloves
MR       .....                  (no boots)
Stlth    ++........             (no amulet)
HPRegen  0.09/turn              (no ring)
MPRegen  0.08/turn              (no ring)

@: mighty
A: retaliatory headbutt, reduced essence, horns 2
a: Ancestor Life: Knight, Ancestor Life: Battlemage, Ancestor Life: Hexer,
Recall Ancestor, Ancestor Identity, Renounce Religion


You were on level 2 of the Dungeon.
You worshipped Hepliaklqana.
Hepliaklqana was pleased with you.
You visited 1 branch of the dungeon, and saw 2 of its levels.

You collected 66 gold pieces.

Inventory:

Hand Weapons
 a - a +0 falchion (weapon)
 r - a +0 falchion
Missiles
 c - 29 poisoned darts (quivered)
Armour
 b - a +0 robe (worn)
 h - a +0 pair of gloves (worn)
Scrolls
 e - 3 scrolls of enchant armour {unknown}
 f - 2 scrolls of remove curse {unknown}
 i - a scroll of enchant weapon {unknown}
 k - 2 scrolls of teleportation {unknown}
 m - a scroll of fear {unknown}
 o - a scroll of identify {unknown}
Potions
 d - a potion of haste {unknown}
 g - 2 potions of might {unknown}
 j - a potion of heal wounds {unknown}
 l - 2 potions of brilliance {unknown}
 n - a potion of flight {unknown}
 p - a potion of berserk rage {unknown}
 q - a potion of mutation {unknown}


   Skills:
 * Level 4.2 Fighting
 * Level 4.5 Long Blades
 * Level 0.7 Throwing
 * Level 1.2 Armour
 * Level 3.9 Dodging
 - Level 1.5 Stealth


You had 2 spell levels left.
You didn't know any spells.
Your spell library was empty.

Dungeon Overview and Level Annotations

Branches:
Dungeon (2/15)

Altars:
Hepliaklqana

Annotations:
D:2 Crazy Yiuf


Innate Abilities, Weirdness & Mutations

You reflexively headbutt those who attack you in melee.
You have a pair of horns on your head.
Your life essence is reduced to manifest your ancestor. (-10% HP)


Message History

You open the door.
There is an open translucent door here.
Crazy Yiuf shouts!
Crazy Yiuf zaps a wand.
The puff of flame hits you!
Crazy Yiuf hits you with a +2 quarterstaff of chaos.
You closely miss Crazy Yiuf.
Crazy Yiuf zaps a wand.
The puff of flame hits you!
You hit Crazy Yiuf but do no damage.
Cihuaton hits Crazy Yiuf but does no damage.
Crazy Yiuf zaps a wand.
The puff of flame hits you.
* * * LOW HITPOINT WARNING * * *
You hit Crazy Yiuf.
Crazy Yiuf is lightly wounded.
Cihuaton hits Crazy Yiuf.
Crazy Yiuf hits you but does no damage.
You feel very mighty all of a sudden.
You slash Crazy Yiuf! Your headbutt misses Crazy Yiuf.
Crazy Yiuf is severely wounded.
Cihuaton barely misses Crazy Yiuf.
Crazy Yiuf zaps a wand.
The puff of flame hits you!
You die...

##...# #.#
##..# ##.##
#.# ####..#
##.# #.#
#.....# #.##
#.# #.##..#
##.#
#.###.##..#
#.##
#...#.###>#
##'## ###.#.#
### #...#
#.#.######
#.@R#
#.#.#.....
#)g.#
#.#.#.####
##### #.#.#.#
#.#.#.#
#.....#
#########.###
..........#
###########


You could see the friendly Cihuaton the ancestor and Crazy Yiuf.

Vanquished Creatures
  A worker ant (D:2)
  An ooze (D:1)
  2 dart slugs
  A leopard gecko (D:1)
  2 giant cockroaches
  5 goblins (D:1)
  6 hobgoblins
  3 jackals (D:2)
  A kobold (D:2)
  A bat (D:1)
  3 frilled lizards
  4 rats
30 creatures vanquished.

Notes
Turn   | Place    | Note
-------+----------+-------------------------------------------
     0 | D:1      | jestyr24 the Minotaur Monk began the quest for the Orb.
     0 | D:1      | Reached XP level 1. HP: 19/19 MP: 0/0
   405 | D:1      | Reached XP level 2. HP: 27/27 MP: 1/1
   927 | D:1      | Reached XP level 3. HP: 33/33 MP: 2/2
  1223 | D:2      | Found a hazy altar of Hepliaklqana.
  1235 | D:2      | Became a worshipper of Hepliaklqana the Forgotten
  1235 | D:2      | Reached * piety under Hepliaklqana
  1235 | D:2      | Reached ** piety under Hepliaklqana
  1312 | D:2      | Reached skill level 1 in Armour
  1583 | D:2      | Found a runed translucent door.
  1584 | D:2      | Noticed Crazy Yiuf
  1594 | D:2      | Killed from afar by Crazy Yiuf

Illustrated notes

Levels and vault maps discovered:
D:1:      giann_forest_graveyard, layout_basic, minmay_misc_feat_square
D:2:      minmay_razor_zed, layout_basic, lemuel_round_altar,
          uniq_crazy_yiuf_cottage

Skill      XL: |  1  2  3 |
---------------+----------+-----
Fighting       | 4 |  4.2
Long Blades    | 4 |  4.5
Armour         | 1 |  1.2
Throwing       | |  0.7
Dodging        | |  3.9
Stealth        | |  1.5

Action                   || total
-------------------------++-------
Melee: Falchion          ||    65
       Headbutt          ||    10
 Stab: Sleeping          ||     3
Armor: Robe              ||    11
Dodge: Dodged            ||    27
       Rpst.: Falchion   ||     6

Table legend: (Time is in decaauts)
 A = Elapsed time spent in this place.
 B = Non-inter-level travel time spent in this place.
 C = Inter-level travel time spent in this place.
 D = Time resting spent in this place.
 E = Time spent auto-exploring this place.
 F = Levels seen in this place.
 G = Mean time per level.
                   A        B        C        D        E       F      G
               +--------+--------+--------+--------+--------+-----+--------+
         Total |   1600 |   1560 |     40 |    249 |    854 |   2 |  800.0 |
       Dungeon |   1600 |   1560 |     40 |    249 |    854 |   2 |  800.0 |
               +--------+--------+--------+--------+--------+-----+--------+

Top non-repeatable levels by time:
     D:1: 1098 daAuts
     D:2: 501 daAuts
